 Dungeon Crawl Stone Soup version 0.30-a0-360-g447f08457e (webtiles) character file.

Game seed: 6025802342087164714

5483 freelancePsychic the Fighter (level 10, 0/114 HPs)
             Began as an Ogre Ice Elementalist on Nov 14, 2022.
             Was a Believer of Vehumet.
             Slain by a killer bee (3 damage)
             ... on level 9 of the Dungeon.
             The game lasted 00:18:39 (11660 turns).

freelancePsychic the Fighter (OgIE)                Turns: 11660, Time: 00:18:40

Health: 0/114      AC:  5    Str: 14    XL:     10   Next: 69%
Magic:  16/16      EV:  9    Int: 20    God:    Vehumet [**....]
Gold:   533        SH:  0    Dex:  9    Spells: 4/17 levels left

rFire   . . .      SeeInvis .    n - +2 trident (vorpal)
rCold   . . .      Faith    .    (no shield)
rNeg    . . .      Spirit   .    L - +0 troll leather armour
rPois   .          Reflect  .    w - +0 hat
rElec   .          Harm     .    (no cloak)
rCorr   .          Rampage  .    (gloves unavailable)
Will    +....                    (boots unavailable)
Stlth   +.........               r - amulet of magic regeneration
HPRegen 1.19/turn                H - ring of wizardry
MPRegen 0.55/turn                (no ring)

@: brilliant, lethally poisoned (0 -> -19), invisible
A: large, unfitting armour, tough skin 1, antennae 2, mutation resistance 1
a: Renounce Religion


You were on level 9 of the Dungeon.
You worshipped Vehumet.
Vehumet was pleased with you.
You visited 2 branches of the dungeon, and saw 10 of its levels.

You collected 533 gold pieces.

Inventory:

Hand Weapons
 n - a +2 vorpal trident (weapon)
Missiles
 c - a throwing net
Armour
 a - a +0 robe
 w - a +0 hat (worn)
 F - +0 steam dragon scales
 L - a +0 troll leather armour (worn)
Jewellery
 r - an amulet of magic regeneration (around neck)
 y - an amulet of the acrobat
 D - a +6 ring of dexterity
 E - an amulet of regeneration
 H - a ring of wizardry (left hand)
 J - a ring of ice
Wands
 u - a wand of quicksilver (7)
 v - a wand of iceblast (11)
 G - a wand of paralysis (7)
Scrolls
 g - a scroll of enchant armour
 h - 2 scrolls of teleportation {@r4}
 j - a scroll of immolation
 k - a scroll of blinking
 m - 3 scrolls of amnesia
 o - 2 scrolls of enchant weapon
 s - a scroll of poison
 t - a scroll of torment
 z - a scroll of silence
 B - a scroll of butterflies
 C - a scroll of noise
Potions
 b - 4 potions of magic
 d - 4 potions of mutation
 e - 5 potions of haste {@q3}
 f - a potion of berserk rage {unknown}
 i - a potion of might
 l - 3 potions of heal wounds {unknown}
 p - 2 potions of invisibility
 q - 2 potions of brilliance
 x - 2 potions of lignification {unknown}
 A - a potion of curing {unknown}
 I - a potion of cancellation {unknown}


   Skills:
 + Level 11.3 Fighting
 - Level 1.7 Dodging
 - Level 1.4 Stealth
 - Level 4.4 Spellcasting
 * Level 6.8 Conjurations
 - Level 3.5 Hexes
 - Level 5.3 Summonings
 - Level 7.1 Ice Magic


You had 4 spell levels left.
You knew the following spells:

 Your Spells              Type           Power      Damage    Failure   Level
a - Summon Guardian Gole  Hex/Summ       33%        N/A       3%          3
b - Frozen Ramparts       Ice            98%        1d15      1%          3
c - Ozocubu's Armour      Ice            49%        N/A       1%          3
d - Summon Ice Beast      Ice/Summ       44%        N/A       4%          4

Your spell library contained the following spells:

 Spells                   Type           Power      Damage    Failure   Level
 Searing Ray              Conj           94%        2d7       1%          2
 Freeze                   Ice            100%       1d10      1%          1
 Magic Dart               Conj           100%       1d8       1%          1
 Shock                    Conj/Air       100%       1d9       1%          1
 Dazzling Flash           Conj/Hex       74%        N/A       2%          3
 Stone Arrow              Conj/Erth      54%        3d10      4%          3
 Sandblast                Erth           12%        2d6       6%          1
 Passwall                 Tmut/Erth      5%         N/A       10%         2
 Poisonous Vapours        Pois/Air       12%        N/A       10%         2
 Kindle Blastsparks       Fire/Tloc/Air  12%        2d11      19%         3
 Swiftness                Air            6%         N/A       19%         3
 Summon Lightning Spire   Summ/Air       22%        N/A       21%         4
 Airstrike                Air            3%         2d(1-17)  50%         4
 Iskenderun's Battlesphe  Conj           47%        2d10      11%         5
 Freezing Cloud           Conj/Ice/Air   17%        6-21      26%         5
 Orb of Destruction       Conj           23%        9d8       95%         7
 Spellforged Servitor     Conj/Summ      21%        N/A       98%         7


Dungeon Overview and Level Annotations

Branches:
Dungeon (9/15)             Temple (1/1) D:6            Lair (0/5) D:9
    Orc: D:9-12

Altars:
Ashenzari
Cheibriados
Elyvilon
Fedhas
Gozag
Hepliaklqana
Kikubaaqudgha
Makhleb
Nemelex Xobeh
Okawaru
Qazlal
Ru
Sif Muna
Trog
Uskayaw
Vehumet
Wu Jian
Xom
Yredelemnul
Zin
The Shining One

Shops:
D:8 !

Annotations:
D:4 3 runed translucent doors, deadpool521's ghost, amateur MiFi
D:9 3 exclusions


Innate Abilities, Weirdness & Mutations

You are too large for most types of armour.
You have tough skin. (AC +1)
You have a pair of antennae on your head.
You are somewhat resistant to further mutation.


Message History

The killer bee poisons you!
The killer bee stings you but does no damage.
The killer bee stings you.
You are more poisoned.
The killer bee poisons you!
The wall freezes the killer bee.
The killer bee stings you but does no damage.
The killer bee stings you.
You are more poisoned.
The killer bee poisons you! The killer bee stings you.
You are more poisoned.
The killer bee poisons you!
The wall freezes the killer bee.
You kill the killer bee!
Vehumet accepts your kill.
You barely miss the killer bee.
The frozen ramparts melt away.
* * * LOW HITPOINT WARNING * * *
You feel extremely sick. The killer bee barely misses you.
The killer bee stings you but does no damage.
The killer bee barely misses you. The killer bee stings you!
* * * LOW HITPOINT WARNING * * *
The killer bee stings you.
* * * LOW HITPOINT WARNING * * *
The killer bee closely misses you.
It was a potion of invisibility.
You fade into invisibility!
* * * LOW HITPOINT WARNING * * *
You feel extremely sick. The killer bee closely misses you.
The killer bee barely misses you. The killer bee stings you.
* * * LOW HITPOINT WARNING * * *
You are more poisoned.
The killer bee poisons you! The killer bee closely misses you.
It was a potion of brilliance.
You feel clever all of a sudden.
* * * LOW HITPOINT WARNING * * *
You feel extremely sick. The killer bee stings you.
* * * LOW HITPOINT WARNING * * *
The killer bee stings you.
You die...

#....>...########..#
#......<.# #..#
#........# #..#
#........# #..#
#........# ..#
#........# ..#
#........#
#..yy....# #
#...@†...#
#...###..# #... #..#
#... #..# #... #..#
#... ..# #... ####


You could see 2 killer bees.

Vanquished Creatures
  Pikel (D:5)
  2 steam dragons
  2 water moccasins (D:8)
  A sky beast (D:8)
  An orc warrior (D:7)
  A black bear (D:4)
  2 centaurs
  2 ogres (D:6)
  2 lemures (D:5)
  A kobold brigand (D:8)
  A bullfrog (D:6)
  3 scorpions (D:7)
  A wight (D:5)
  11 killer bees (D:9)
  6 electric eels (D:6)
  A howler monkey (D:7)
  4 hounds
  A gnoll bouda (D:5)
  9 orc priests
  6 iguanas
  Natasha (thrice) (D:3)
  8 orc wizards
  15 gnolls
  3 adders
  A shadow imp (D:7)
  A white imp (D:7)
  A worm (D:4)
  2 dart slugs
  21 orcs
  4 bats (D:1)
  7 endoplasms
  A giant cockroach (D:1)
  6 goblins
  7 hobgoblins
  2 quokkas
  10 ball pythons
  2 frilled lizards (D:3)
  12 kobolds
  8 rats
172 creatures vanquished.

Vanquished Creatures (collateral kills)
  A hornet (D:9)
  A troll (D:9)
  A yak (D:9)
  2 orc wizards (D:9)
5 creatures vanquished.

Vanquished Creatures (others)
  A two-headed ogre (D:9)
  A troll (D:9)
  A centaur (D:9)
  5 wights
  16 fungi
  26 plants
50 creatures vanquished.

Grand Total: 227 creatures vanquished

Notes
Turn   | Place    | Note
-------+----------+-------------------------------------------
     0 | D:1      | freelancePsychic the Ogre Ice Elementalist began the quest
                  | for the Orb.
     0 | D:1      | Reached XP level 1. HP: 16/16 MP: 3/3
   217 | D:1      | Reached XP level 2. HP: 26/26 MP: 3/5
   264 | D:1      | Reached skill level 1 in Fighting
   794 | D:1      | Reached XP level 3. HP: 33/33 MP: 2/7
   798 | D:1      | Learned a level 3 spell: Frozen Ramparts
   802 | D:1      | Learned a level 3 spell: Ozocubu's Armour
  1367 | D:2      | Reached skill level 2 in Fighting
  1368 | D:2      | Reached XP level 4. HP: 42/42 MP: 2/8
  1529 | D:2      | Reached skill level 1 in Summonings
  2203 | D:2      | Reached XP level 5. HP: 33/52 MP: 2/9
  2460 | D:3      | Reached skill level 3 in Fighting
  2545 | D:3      | Noticed Natasha
  2555 | D:3      | Killed Natasha
  2608 | D:3      | Reached skill level 5 in Ice Magic
  2690 | D:3      | Reached XP level 6. HP: 49/61 MP: 7/10
  2970 | D:3      | Noticed Natasha
  3075 | D:3      | Killed Natasha
  3275 | D:3      | Learned a level 4 spell: Summon Ice Beast
  3386 | D:3      | Found an iron altar of Okawaru.
  3386 | D:3      | Noticed Natasha
  3667 | D:3      | Killed Natasha
  3842 | D:4      | Reached skill level 4 in Fighting
  4485 | D:4      | Found a runed translucent gate.
  4485 | D:4      | Identified the +6 hand axe "Ligefuq" {elec, rPois Str-3
                  | Int+3}
  4485 | D:4      | Identified the +0 scale mail of Tatarph {*Corrode Str+4
                  | Slay+3}
  4486 | D:4      | Found a runed translucent gate.
  4492 | D:4      | Noticed deadpool521's ghost (amateur MiFi)
  4493 | D:4      | Found a runed translucent gate.
  4565 | D:4      | Noticed a black bear
  4570 | D:4      | Killed a black bear
  4571 | D:4      | Reached XP level 7. HP: 66/71 MP: 7/11
  4784 | D:5      | Entered Level 5 of the Dungeon
  4939 | D:5      | Noticed Pikel
  4968 | D:5      | Killed Pikel
  4969 | D:5      | Reached skill level 5 in Fighting
  4969 | D:5      | Reached XP level 8. HP: 66/83 MP: 12/12
  5326 | D:5      | Reached skill level 6 in Fighting
  6300 | D:6      | Reached skill level 7 in Fighting
  6613 | D:6      | Learned a level 3 spell: Summon Guardian Golem
  6783 | D:6      | Found a staircase to the Ecumenical Temple.
  6806 | D:6      | Reached skill level 1 in Hexes
  6811 | Temple   | Entered the Ecumenical Temple
  6972 | Temple   | Became a worshipper of Vehumet
  7062 | D:6      | Reached XP level 9. HP: 54/95 MP: 13/15
  7385 | D:6      | Reached skill level 8 in Fighting
  8201 | D:7      | Reached skill level 5 in Summonings
  8932 | D:7      | Reached skill level 9 in Fighting
  9059 | D:7      | Reached * piety under Vehumet
  9059 | D:7      | Offered knowledge of Magic Dart by Vehumet.
  9174 | D:7      | Found an opulent altar of Gozag.
  9466 | D:7      | Found a shimmering altar of Xom.
  9466 | D:7      | Found a white marble altar of Elyvilon.
  9466 | D:7      | Found a shimmering blue altar of Sif Muna.
  9468 | D:7      | Found a stormy altar of Qazlal.
  9468 | D:7      | Found a sparkling altar of Nemelex Xobeh.
  9468 | D:7      | Found a broken altar of Ashenzari.
  9471 | D:7      | Found a bloodstained altar of Trog.
  9471 | D:7      | Found an ancient bone altar of Kikubaaqudgha.
  9471 | D:7      | Found a burning altar of Makhleb.
  9871 | D:8      | Identified a scroll of acquirement
  9871 | D:8      | Acquired the Reference Book on Hazy Conflict
  9909 | D:8      | Found Suwuoph's Distillery.
 10003 | D:8      | Reached skill level 1 in Conjurations
 10239 | D:8      | Found a blossoming altar of Fedhas.
 10240 | D:8      | Gained mutation: You are somewhat resistant to further
                  | mutation. [potion of mutation]
 10240 | D:8      | Gained mutation: You have a pair of small antennae on your
                  | head. [potion of mutation]
 10240 | D:8      | Gained mutation: You have a pair of antennae on your head.
                  | [potion of mutation]
 10482 | D:9      | Reached XP level 10. HP: 89/110 MP: 11/16
 10567 | D:9      | Found a staircase to the Lair.
 10643 | D:9      | Reached skill level 10 in Fighting
 10719 | D:9      | Noticed a two-headed ogre
 10837 | D:9      | Killed a two-headed ogre
 10838 | D:9      | Reached skill level 5 in Conjurations
 11100 | D:9      | Offered knowledge of Searing Ray by Vehumet.
 11235 | D:9      | Reached ** piety under Vehumet
 11377 | D:9      | Found a radiant altar of Vehumet.
 11388 | D:9      | Reached skill level 11 in Fighting
 11660 | D:9      | HP: 3/114 [killer bee (3)]
 11660 | D:9      | Slain by a killer bee

Illustrated notes

Levels and vault maps discovered:
D:1:      lemuel_arrival_hallway, layout_basic
D:2:      kennysheep_big_flooded_room, layout_loops_ring
D:3:      layout_basic, mainiacjoe_overflow_concentric_impassable, serial_bayou,
          serial_bayou_pond_a, serial_bayou_pond_e, serial_bayou_shore_b,
          serial_bayou_lake_a, serial_bayou_pond_c, serial_bayou_ford_a,
          st_stairs_12, uniq_natasha
D:4:      layout_loops_corners, biasface_ghost_orc_armoury, serial_aquarium,
          aquarium_bridge_square [aquarium_subvault_bridge,
          aquarium_subvault_bridge, aquarium_subvault_wall,
          aquarium_subvault_window], aquarium_bridge_square
          [aquarium_subvault_bridge, aquarium_subvault_window,
          aquarium_subvault_wall, aquarium_subvault_wall], aquarium_window_fake,
          aquarium_window_1, aquarium_view_2e, aquarium_pool_side
D:5:      layout_loops_ring, uniq_pikel
D:6:      layout_cave_pools, minmay_temple_entry_mist, chequers_big_river
D:7:      layout_layer_cave, nicolae_overflows_in_rows,
          nicolae_gozag_seed_capital
D:8:      layout_rooms, fedhas_altar_1, serial_shops, kennysheep_little_box,
          grunt_decor_one_mirror, minmay_misc_feat_secret_circle
D:9:      nzn_winding_woodlands_cross [nzn_winding_woodlands_5x15_pool,
          nzn_winding_woodlands_5x15_parted, nzn_winding_woodlands_5x15_zeroes,
          nzn_winding_woodlands_5x15_eye,
          nzn_winding_woodlands_15x15_boxy_spiral], layout_small_grid,
          nicolae_dithmenos_the_darkroom, dpeg_oklobed_lair, kennysheep_diamond
Temple:   hellmonk_temple_forest_ring

Skill      XL: |  1  2  3  4  5  6  7  8  9 10 |
---------------+-------------------------------+-----
Fighting       | 1 2 3 4 5 7 9 11 | 11.3
Ice Magic      | 4 5 7 |  7.1
Spellcasting   | 3 4 |  4.4
Summonings     | 1 2 3 4 5 |  5.3
Hexes          | 1 3 |  3.5
Conjurations   | 3 6 |  6.8
Dodging        | |  1.7
Stealth        | |  1.4

Action                   |  1- 3 |  4- 6 |  7- 9 | 10-12 || total
-------------------------+-------+-------+-------+-------++-------
Melee: Unarmed           |     9 |    17 |       |       ||    26
       Trident           |       |    62 |   171 |    38 ||   271
       Punch             |       |     2 |     1 |     1 ||     4
 Cast: Freeze            |    43 |    13 |     7 |       ||    63
       Frozen Ramparts   |     3 |    23 |    34 |     7 ||    67
       Ozocubu's Armour  |       |     2 |    16 |     5 ||    23
       Summon Guardian G |       |       |     7 |    10 ||    17
       Summon Ice Beast  |       |       |     2 |     8 ||    10
Evoke: Wand              |       |       |    10 |       ||    10
  Use: Scroll            |       |     5 |     8 |     5 ||    18
       Potion            |       |       |     1 |     2 ||     3
 Stab: Sleeping          |       |     1 |     3 |     1 ||     5
       Distracted        |       |       |       |     1 ||     1
Armor: Robe              |    23 |    24 |    50 |       ||    97
       Steam dragon scal |       |       |    20 |    16 ||    36
       Troll leather arm |       |       |       |    12 ||    12
Dodge: Dodged            |    22 |    50 |   101 |    42 ||   215

Table legend: (Time is in decaauts)
 A = Elapsed time spent in this place.
 B = Non-inter-level travel time spent in this place.
 C = Inter-level travel time spent in this place.
 D = Time resting spent in this place.
 E = Time spent auto-exploring this place.
 F = Levels seen in this place.
 G = Mean time per level.
                   A        B        C        D        E       F      G
               +--------+--------+--------+--------+--------+-----+--------+
         Total |  11803 |  11491 |    312 |    691 |   9082 |  10 | 1180.3 |
       Dungeon |  11626 |  11349 |    277 |    691 |   8950 |   9 | 1291.8 |
        Temple |    176 |    142 |     34 |      0 |    132 |   1 |  176.0 |
               +--------+--------+--------+--------+--------+-----+--------+

Top non-repeatable levels by time:
     D:7: 2096 daAuts
     D:5: 1556 daAuts
     D:3: 1435 daAuts
     D:6: 1311 daAuts
     D:1: 1264 daAuts
     D:2: 1180 daAuts
     D:9: 1173 daAuts
     D:4: 962 daAuts
     D:8: 645 daAuts
  Temple: 176 daAuts
